 Dungeon Crawl Stone Soup version 0.27-a0-1136-g0b992a5a9d (webtiles) character file.

Game seed: 15692775124523938088

136 reriks the Firebug (level 4, -2/24 HPs)
             Began as a Deep Elf Fire Elementalist on May 5, 2021.
             Slain by Terence
             ... wielding a +2 short sword of holy wrath
              (5 damage)
             ... on level 3 of the Dungeon.
             The game lasted 00:04:59 (4883 turns).

reriks the Firebug (Deep Elf Fire Elementalist)     Turns: 4883, Time: 00:04:59

Health: -2/24      AC:  3    Str:  5    XL:     4   Next: 98%
Magic:  8/12       EV: 13    Int: 21    God:
Gold:   67         SH:  0    Dex: 15    Spells: 10/11 levels left

rFire    . . .     SeeInvis .   g - +1 short sword (freeze)
rCold    . . .     Faith    .   (no shield)
rNeg     + . .     Spirit   .   a - +0 robe
rPois    .         Reflect  .   (no helmet)
rElec    .         Harm     .   h - scarf {+Inv}
rCorr    .         Rampage  .   n - +0 pair of gloves
Will     .....                  (no boots)
Stlth    ++........             (no amulet)
HPRegen  0.08/turn              j - ring of positive energy
MPRegen  0.13/turn              (no ring)

@: no status effects
A: no striking features
a: Evoke Invisibility


You were on level 3 of the Dungeon.
You visited 1 branch of the dungeon, and saw 3 of its levels.

You collected 67 gold pieces.

Inventory:

Hand Weapons
 c - a +0 whip
 g - a +1 short sword of freezing (weapon)
Armour
 a - a +0 robe (worn)
 h - a scarf of invisibility (worn)
 n - a +0 pair of gloves (worn)
Jewellery
 j - a ring of positive energy (left hand)
Scrolls
 b - a scroll of teleportation {unknown}
 e - 6 scrolls of identify {unknown}
 l - a scroll of blinking {unknown}
 m - a scroll of vulnerability {unknown}
Potions
 d - a potion of curing {unknown}
 f - 2 potions of heal wounds {unknown}
 i - a potion of invisibility {unknown}
 k - a potion of resistance {unknown}
 o - a potion of mutation {unknown}


   Skills:
 + Level 3.5 Dodging
 - Level 2.4 Stealth
 + Level 4.1 Spellcasting
 + Level 2.5 Conjurations
 + Level 4.1 Fire Magic
 + Level 1.5 Evocations


You had 10 spell levels left.
You knew the following spells:

 Your Spells              Type           Power      Damage    Failure   Level
a - Foxfire               Conj/Fire      72%        2x1d7     3%          1

Your spell library contained the following spells:

 Spells                   Type           Power      Damage    Failure   Level
 Conjure Flame            Conj/Fire      18%        6-21      9%          3
 Inner Flame              Hex/Fire       13%        N/A       16%         3
 Corpse Rot               Necr/Air       N/A        N/A       19%         2
 Sublimation of Blood     Necr           2%         N/A       19%         2
 Ignite Poison            Fire/Tmut/Pois 10%        N/A       21%         3
 Sticky Flame             Conj/Fire      18%        2d4       30%         4
 Fireball                 Conj/Fire      9%         3d6       63%         5
 Dispel Undead            Necr           4%         3d7       75%         4
 Agony                    Necr           4%         N/A       97%         5
 Borgnjor's Vile Clutch   Necr/Erth      2%         N/A       97%         5
 Excruciating Wounds      Necr           2%         N/A       97%         5
 Starburst                Conj/Fire      9%         8x6d5     99%         6


Dungeon Overview and Level Annotations

Branches:
Dungeon (3/15)

Altars:
Cheibriados

Annotations:
D:3 Terence


Message History

The foxfire hits Terence.
Terence is lightly wounded.
The foxfire hits Terence.
Terence is moderately wounded.
Casting: Foxfire (safe; 3% risk of failure)
Confirm with . or Enter, or press ? or * to list all spells.
You conjure some foxfire!
The foxfire hits Terence but does no damage.
Terence is moderately wounded.
The foxfire hits Terence.
Terence is severely wounded.
Casting: Foxfire (safe; 3% risk of failure)
Confirm with . or Enter, or press ? or * to list all spells.
You conjure some foxfire!
The foxfire hits Terence.
Terence is severely wounded.
The foxfire hits Terence but does no damage.
Terence is severely wounded.
Terence hits you with a +2 short sword of holy wrath.
Casting: Foxfire (safe; 3% risk of failure)
Confirm with . or Enter, or press ? or * to list all spells.
You conjure some foxfire!
Terence hits you with a +2 short sword of holy wrath.
The foxfire hits Terence.
Terence is severely wounded.
The foxfire hits Terence but does no damage.
Terence is severely wounded.
Terence asks, "Do you want it fast or slow?"
Terence hits you with a +2 short sword of holy wrath!
Casting: Foxfire (safe; 3% risk of failure)
Confirm with . or Enter, or press ? or * to list all spells.
You conjure some foxfire!
Terence hits you with a +2 short sword of holy wrath.
* * * LOW HITPOINT WARNING * * *
The foxfire hits Terence.
Terence is severely wounded.
The foxfire hits Terence but does no damage.
Terence is severely wounded.
Terence hits you with a +2 short sword of holy wrath.
You die...

..#..........#
..#..........
#............
#...........
#..........
#########.........
.................#
................@#
.....#######....@#
.....# #...ยง.#
.....## #...).#
......######.....###
..................>..
...........####.#####
...........# #.#
......#..).####+#
.................


You could see Terence.

Vanquished Creatures
  An orc priest (D:3)
  4 gnolls
  An adder (D:3)
  A worm (D:2)
  A dart slug (D:2)
  4 orcs (D:3)
  6 bats
  4 endoplasms
  2 giant cockroaches
  3 goblins
  A hobgoblin (D:1)
  5 jackals
  3 quokkas
  5 ball pythons
  4 frilled lizards
  6 kobolds
  2 rats
53 creatures vanquished.

Vanquished Creatures (others)
  154 foxfires
154 creatures vanquished.

Grand Total: 207 creatures vanquished

Notes
Turn   | Place    | Note
-------+----------+-------------------------------------------
     0 | D:1      | reriks the Deep Elf Fire Elementalist began the quest for
                  | the Orb.
     0 | D:1      | Reached XP level 1. HP: 10/10 MP: 6/6
   359 | D:1      | Reached XP level 2. HP: 15/15 MP: 5/8
  2072 | D:2      | Identified Naweif's Collected Works on Ashen Ignition
  2287 | D:2      | Reached XP level 3. HP: 19/19 MP: 7/10
  4248 | D:3      | Reached skill level 1 in Evocations
  4394 | D:3      | Reached XP level 4. HP: 24/24 MP: 9/11
  4558 | D:3      | Found a snail-covered altar of Cheibriados.
  4872 | D:3      | Noticed Terence
  4883 | D:3      | Slain by Terence

Illustrated notes

Levels and vault maps discovered:
D:1:      minmay_arrival_pointy, layout_loops_ring
D:2:      layout_loops_corners
D:3:      minmay_evil_eye, layout_basic, lemuel_doored_altar,
          uniq_crazy_yiuf_cottage, uniq_terence

Skill      XL: |  1  2  3  4 |
---------------+-------------+-----
Dodging        | 3 |  3.5
Conjurations   | 2 |  2.5
Evocations     | 1 |  1.5
Fire Magic     | 4 |  4.1
Spellcasting   | 4 |  4.1
Stealth        | |  2.4

Action                   |  1- 3 |  4- 6 || total
-------------------------+-------+-------++-------
 Cast: Foxfire           |    69 |    21 ||    90
Armor: Robe              |     2 |       ||     2
Dodge: Dodged            |    10 |     2 ||    12

Table legend: (Time is in decaauts)
 A = Elapsed time spent in this place.
 B = Non-inter-level travel time spent in this place.
 C = Inter-level travel time spent in this place.
 D = Time resting spent in this place.
 E = Time spent auto-exploring this place.
 F = Levels seen in this place.
 G = Mean time per level.
                   A        B        C        D        E       F      G
               +--------+--------+--------+--------+--------+-----+--------+
         Total |   4884 |   4796 |     88 |   2642 |   1715 |   3 | 1628.0 |
       Dungeon |   4884 |   4796 |     88 |   2642 |   1715 |   3 | 1628.0 |
               +--------+--------+--------+--------+--------+-----+--------+

Top non-repeatable levels by time:
     D:2: 1874 daAuts
     D:1: 1826 daAuts
     D:3: 1183 daAuts
